Map: Dasan Station LE

Players

Diablomatrix - Winner!

  • Race: Zerg Zerg

A.I. 1 (Very Hard)

  • Race: Zerg Zerg

VOD

Have the link to the VOD?

Description

1 Base Pool - 2 Base Hydra-Ling

Time

  • Played on: July 16, 2016, 9:40 p.m.
  • Length: 18:59
Show
View Real Time Build Order
Export as new Build Order

Diablomatrix Zerg - Winner!

Build Orders: Pool First, Lurkers 

Get SALT Encoding   

  12  0:01  Drone  
  13  0:08  Drone  
  14  0:16  Extractor  
  14  0:17  Drone, Extractor  
  13  0:22  Drone  
  13  0:27  Overlord  
  16  0:46  Drone  
  16  0:49  Spawning Pool  
  17  0:50  Drone  
  17  0:54  Extractor  
  16  0:58  Drone  
  17  1:08  Drone  
  18  1:23  Hatchery  
  17  1:27  Drone  
  18  1:36  Queen  
  18  1:38  Drone  
  21  1:48  Drone, Extractor  
  21  1:58  Drone  
  22  2:08  Overlord  
  22  2:12  Lair  
  22  2:25  Overlord x2  
  22  2:33  Metabolic Boost  
  22  2:42  Drone x2  
  24  2:51  Queen  
  24  2:54  Drone  
  24  2:57  Drone  
  28  3:05  Drone x2  
  30  3:17  Spine Crawler  
  30  3:18  Drone  
  30  3:19  Drone, Spine Crawler  
  30  3:24  Drone x2  
  32  3:27  Drone  
  33  3:35  Hydralisk Den  
  33  3:36  Drone  
  33  3:37  Drone  
  34  3:42  Drone x2  
  34  3:43  Drone  
  34  3:44  Drone  
  38  3:53  Drone x4  
  42  3:59  Extractor  
  42  4:01  Extractor  
  40  4:03  Zergling x8  
  44  4:24  Evolution Chamber x2  
  43  4:31  Drone x4  
  43  4:32  Drone x2  
  43  4:35  Hydralisk x2  
  43  4:38  Overlord x2  
  52  4:57  Hydralisk x4  
  60  5:02  Zerg Ground Armor Level 1, Zerg Missile Weapons Level 1  
  60  5:11  Drone  
  60  5:13  Hatchery  
  60  5:18  Hydralisk x3  
  66  5:31  Hydralisk  
  66  5:35  Overlord x3  
  68  5:47  Muscular Augments  
  68  5:53  Queen  
  70  5:57  Hydralisk x4  
  70  5:58  Hydralisk x2  
  82  6:05  Zergling x8  
  86  6:28  Drone x10  
  96  6:38  Extractor  
  96  6:39  Extractor  
  94  6:48  Drone x4  
  98  6:57  Infestation Pit  
  98  6:58  Zerg Ground Armor Level 2, Zerg Missile Weapons Level 2  
  97  7:17  Zergling x2  
  97  7:19  Overlord  
  97  7:20  Overlord x4  
  98  7:39  Drone  
  98  7:40  Drone x5  
  98  7:43  Drone x3  
  107  7:46  Lurker Den  
  107  8:09  Overlord  
  107  8:10  Overlord  
  107  8:13  Hydralisk x6  
  107  8:17  Hive  
  119  8:30  Zergling x16  
  119  8:32  Zergling x4  
  129  8:58  Extractor  
  129  8:59  Hatchery x2  
  124  9:03  Extractor x2  
  124  9:06  Extractor  
  116  9:24  Lurker x5  
  116  9:25  Lurker  
  116  9:29  Zergling x6  
  116  9:30  Zergling x2  
  125  10:07  Hydralisk  
  125  10:08  Hydralisk x3  
  125  10:09  Zergling x8  
  125  10:11  Zerg Missile Weapons Level 3  
  125  10:12  Zerg Ground Armor Level 3  
  137  10:21  Ultralisk Cavern  
  136  10:40  Drone x8  
  136  10:41  Drone x9  
  153  11:03  Drone x4  
  153  11:04  Drone  
  158  11:14  Spine Crawler  
  158  11:16  Spine Crawler  
  156  11:20  Spine Crawler  
  155  11:27  Queen  
  155  11:29  Overlord x2  
  155  11:30  Overlord x2  
  155  11:32  Chitinous Plating  
  157  11:51  Ultralisk x5  
  157  11:54  Overlord x4  
  189  12:08  Queen  
  189  12:20  Ultralisk  
  195  12:26  Zergling x10  
  200  12:31  Adrenal Glands  
  145  13:58  Hydralisk x13  
  122  14:18  Zergling x8  
  122  14:20  Queen  
  122  14:21  Queen x2  
  101  14:43  Queen  
  97  14:52  Zergling x4  
  99  14:53  Zergling x16  
  107  15:09  Hydralisk x2  
  107  15:10  Hydralisk x9  
  120  15:34  Zerg Melee Weapons Level 1  
  120  15:35  Ultralisk x5  
  134  15:36  Ultralisk x3  
  146  15:48  Hydralisk x5  
  152  15:58  Hatchery  
  148  16:13  Spire  
  147  16:42  Hydralisk x11  
  147  16:43  Hydralisk  
  153  17:11  Zergling x2  
  153  17:12  Zergling x24  
  166  17:33  Mutalisk x5  
  166  17:34  Mutalisk x5  
  172  18:15  Mutalisk x9  
  172  18:16  Mutalisk x5  
Show
View Real Time Build Order
Export as new Build Order

A.I. 1 (Very Hard) Zerg 

Build Orders: Pool First 

Get SALT Encoding   

  12  0:00  Drone  
  13  0:12  Overlord  
  13  0:16  Drone  
  14  0:30  Drone x2  
  14  0:33  Drone  
  17  0:47  Spawning Pool, Drone  
  17  1:08  Hatchery  
  16  1:11  Drone  
  16  1:14  Extractor  
  16  1:16  Drone  
  17  1:20  Extractor  
  17  1:22  Drone  
  17  1:27  Drone  
  18  1:37  Drone  
  19  1:48  Overlord  
  19  1:52  Queen  
  21  1:59  Zergling x2  
  22  2:10  Drone  
  23  2:20  Queen  
  23  2:22  Drone  
  26  2:28  Drone  
  27  2:33  Drone  
  28  2:38  Drone  
  29  2:52  Roach Warren  
  29  2:54  Drone  
  29  2:57  Drone  
  30  3:00  Zergling x2  
  30  3:03  Zergling x2  
  32  3:09  Overlord  
  32  3:11  Drone  
  33  3:15  Drone  
  34  3:31  Roach  
  34  3:33  Roach  
  38  3:35  Roach x2  
  38  3:39  Lair  
  42  3:44  Overlord  
  42  3:49  Overlord  
  42  3:53  Zergling x2  
  42  3:55  Zergling x2  
  44  4:02  Drone x2, Zergling x2  
  47  4:05  Drone  
  47  4:08  Drone  
  50  4:10  Drone  
  50  4:14  Roach  
  52  4:18  Roach  
  52  4:22  Overlord  
  54  4:30  Drone  
  55  4:32  Drone  
  55  4:33  Drone  
  55  4:36  Drone  
  58  4:39  Drone, Infestation Pit  
  58  4:42  Overlord  
  58  4:46  Overlord  
  58  4:49  Roach  
  58  4:52  Roach  
  62  4:59  Zergling x2  
  62  5:07  Hydralisk Den  
  62  5:11  Drone  
  62  5:13  Drone  
  63  5:15  Drone  
  63  5:16  Infestor  
  63  5:17  Drone, Infestor  
  63  5:19  Drone  
  71  5:21  Drone  
  71  5:23  Drone  
  71  5:25  Drone  
  71  5:28  Overlord  
  73  5:30  Drone  
  73  5:32  Ravager  
  73  5:33  Drone, Ravager  
  78  5:35  Drone  
  78  5:37  Drone, Hydralisk  
  78  5:40  Hydralisk  
  83  5:46  Hydralisk  
  83  5:47  Overlord  
  83  5:49  Hydralisk  
  85  5:53  Roach  
  85  5:55  Roach  
  91  6:04  Hydralisk  
  91  6:05  Overlord, Extractor, Roach, Hydralisk  
  91  6:08  Drone  
  97  6:16  Hydralisk  
  99  6:20  Extractor  
  99  6:21  Drone  
  99  6:22  Hydralisk  
  99  6:23  Overlord, Roach  
  99  6:24  Roach  
  105  6:28  Drone  
  105  6:30  Drone  
  107  6:33  Metabolic Boost  
  107  6:41  Overlord  
  107  6:42  Drone x2  
  109  6:51  Muscular Augments  
  109  6:55  Evolution Chamber  
  109  6:56  Drone x2  
  109  7:01  Evolution Chamber, Drone  
  109  7:04  Evolution Chamber  
  109  7:05  Drone  
  109  7:10  Drone, Spine Crawler  
  109  7:15  Drone, Spine Crawler  
  109  7:21  Zerg Missile Weapons Level 1  
  109  7:24  Overlord, Hydralisk x2  
  109  7:25  Drone  
  109  7:27  Zerg Melee Weapons Level 1  
  113  7:34  Overseer  
  113  7:37  Zerg Ground Armor Level 1  
  113  7:40  Roach  
  113  7:44  Overlord, Hydralisk  
  115  7:48  Hydralisk  
  119  7:53  Drone, Spore Crawler  
  119  7:55  Drone, Spore Crawler  
  119  7:56  Drone  
  119  7:57  Drone, Spore Crawler  
  119  8:02  Lurker Den  
  119  8:16  Spine Crawler  
  117  8:31  Hive  
  117  8:41  Queen  
  117  8:47  Overlord  
  119  8:53  Glial Reconstitution  
  119  8:56  Spine Crawler  
  119  9:00  Hatchery  
  116  9:12  Zergling x2  
  117  9:17  Pneumatized Carapace  
  117  9:19  Zerg Missile Weapons Level 2  
  117  9:31  Lurker x2, Hydralisk  
  117  9:34  Spine Crawler  
  117  9:35  Hydralisk  
  122  9:42  Queen, Viper  
  127  9:53  Viper  
  127  9:57  Overlord, Zergling x2  
  131  10:02  Zergling x2  
  132  10:07  Zerg Melee Weapons Level 2  
  132  10:13  Drone x4, Spore Crawler  
  132  10:14  Drone x3  
  136  10:15  Drone x4, Hatchery  
  136  10:16  Overlord, Drone x3, Roach x3  
  136  10:17  Drone x2  
  136  10:19  Roach x2  
  156  10:22  Roach  
  156  10:23  Extractor  
  156  10:25  Roach  
  156  10:26  Roach  
  161  10:32  Overseer  
  161  10:35  Overlord  
  161  10:36  Overseer  
  161  10:43  Extractor  
  161  10:44  Drone  
  161  10:45  Drone x2  
  161  10:47  Baneling Nest  
  162  10:54  Overlord  
  162  11:01  Spore Crawler  
  162  11:03  Drone  
  162  11:05  Drone x2, Zerg Ground Armor Level 2  
  162  11:06  Drone  
  165  11:12  Overlord  
  165  11:26  Spore Crawler  
  165  11:30  Baneling x2  
  165  11:31  Baneling x4  
  165  11:32  Hatchery  
  163  11:33  Baneling  
  163  11:34  Hydralisk Den  
  163  11:38  Zerg Missile Weapons Level 3  
  162  11:46  Zergling x2  
  163  11:47  Zergling x2  
  163  11:52  Spore Crawler  
  163  11:56  Zergling x2  
  163  11:58  Zergling x2  
  165  12:09  Spine Crawler  
  165  12:11  Infestor  
  165  12:15  Ultralisk Cavern  
  165  12:18  Infestor  
  167  12:22  Spine Crawler  
  167  12:26  Spine Crawler  
  167  12:27  Drone, Infestor  
  167  12:28  Spine Crawler  
  167  12:30  Drone  
  168  12:37  Infestor  
  170  12:44  Drone x2, Queen  
  170  12:45  Drone x2  
  170  12:46  Drone x3  
  170  12:47  Drone x4  
  170  12:48  Drone x4  
  170  12:49  Drone x4  
  191  12:57  Extractor  
  191  12:58  Drone  
  191  13:02  Ultralisk  
  196  13:22  Extractor  
  196  13:24  Drone  
  196  13:28  Overlord  
  196  13:31  Overlord  
  196  13:37  Baneling Nest  
  187  13:43  Drone  
  187  13:44  Drone x2  
  187  13:47  Ultralisk x2  
  184  13:49  Overlord, Ultralisk  
  184  13:50  Hydralisk Den  
  184  13:51  Spire  
  184  13:52  Drone  
  184  13:54  Spore Crawler  
  184  13:55  Drone  
  175  13:57  Drone, Spore Crawler, Overseer  
  175  14:02  Drone  
  144  14:09  Zergling x2  
  115  14:13  Ultralisk  
  115  14:14  Drone  
  121  14:19  Drone x3, Hydralisk  
  121  14:20  Hydralisk x3  
  121  14:21  Hydralisk  
  121  14:22  Hydralisk  
  133  14:25  Hydralisk  
  133  14:27  Hydralisk  
  133  14:31  Roach Warren, Zergling x2  
  136  14:33  Drone, Hydralisk, Zergling x2  
  136  14:36  Hydralisk  
  136  14:38  Hydralisk  
  117  14:48  Ultralisk  
  117  14:56  Ultralisk  
  117  14:58  Zergling x2  
  117  15:02  Hydralisk x2  
  117  15:03  Mutalisk, Zergling x2  
  117  15:05  Hydralisk  
  115  15:08  Hydralisk  
  115  15:10  Hydralisk  
  115  15:11  Roach  
  115  15:13  Hydralisk  
  115  15:14  Roach  
  113  15:15  Roach  
  113  15:17  Roach  
  113  15:19  Zergling x2  
  116  15:24  Zergling x2  
  116  15:27  Mutalisk  
  116  15:28  Overlord  
  114  15:33  Mutalisk  
  112  15:39  Spine Crawler  
  112  15:40  Hatchery, Zergling x2  
  104  15:47  Ultralisk  
  104  15:48  Baneling x2, Zergling x2  
  111  15:54  Hydralisk x2  
  111  15:55  Overlord, Hydralisk  
  115  16:01  Baneling, Zergling x2  
  116  16:08  Ultralisk  
  116  16:09  Spine Crawler  
  121  16:15  Overlord  
  121  16:21  Ultralisk  
  127  16:27  Mutalisk  
  127  16:28  Evolution Chamber  
  127  16:32  Mutalisk  
  128  16:33  Overlord  
  128  16:38  Mutalisk, Zergling x4  
  130  16:41  Roach  
  130  16:43  Hydralisk  
  130  16:46  Roach  
  112  16:47  Roach  
  112  16:48  Roach  
  112  16:51  Hydralisk  
  112  16:54  Drone x3, Hydralisk  
  106  16:55  Drone x2  
  106  16:56  Drone, Zergling x2  
  106  16:57  Roach  
  106  16:58  Drone  
  106  16:59  Extractor  
  106  17:00  Drone  
  106  17:01  Zergling x2  
  105  17:02  Drone  
  105  17:05  Drone  
  105  17:07  Overlord  
  97  17:15  Spawning Pool  
  88  17:23  Hydralisk  
  88  17:25  Hydralisk  
  88  17:26  Drone  
  88  17:27  Roach  
  88  17:28  Drone  
  87  17:30  Roach  
  87  17:32  Roach  
  46  17:55  Overlord  
  29  18:01  Spawning Pool  
Tags
 
Add a new tag
Caveats
  • Supply blocks, unpowered buildings, or Contaminate may cause inaccurate times.
  • Supply counts are checked every 10 seconds.